 Dungeon Crawl Stone Soup version 0.18.1-6-gd335043 (webtiles) character file.

32 Mefis the Magician (level 3, 0/19 HPs)
             Began as a Deep Elf Wizard on May 16, 2016.
             Slain by Ijyb
             ... wielding a +6 club
              (12 damage)
             ... on level 2 of the Dungeon.
             The game lasted 00:02:04 (1669 turns).

Mefis the Magician (Deep Elf Wizard)                Turns: 1669, Time: 00:02:05

Health: 0/19       AC:  3    Str:  4    XL:     3   Next: 10%
Magic:  6/11       EV: 13    Int: 23    God:
Gold:   50         SH:  0    Dex: 13    Spells: 5 memorised, 1 level left

rFire  . . .     SeeInvis .     e - +0 dagger
rCold  . . .     Gourm    .     a - +0 robe
rNeg   . . .     Faith    .     (no shield)
rPois  .         Spirit   .     b - +0 hat
rElec  .         Dismiss  .     n - +0 cloak (curse)
rCorr  .         Reflect  .     (no gloves)
SustAt .         Harm     .     (no boots)
MR     .....                    (no amulet)
Stlth  ++........               (no ring)
                                (no ring)

@: not resistant to hostile enchantments, unstealthy
A: no striking features
a: no special abilities


You were on level 2 of the Dungeon.
You were not hungry.

You visited 1 branch of the dungeon, and saw 2 of its levels.

You collected 50 gold pieces.

Inventory:

Hand Weapons
 e - a +0 dagger (weapon)
Armour
 a - a +0 robe (worn)
 b - a +0 hat (worn)
 n - a cursed +0 cloak (worn)
Scrolls
 f - a scroll of fear {unknown}
 g - a scroll of fog {unknown}
 i - 2 scrolls of remove curse {unknown}
 m - 3 scrolls of noise {unknown}
Potions
 j - a potion of mutation {unknown}
 k - a potion of agility {unknown}
 l - a potion of lignification {unknown}
Books
 c - a book of Minor Magic

   Spells                             Type                      Level
   a - Magic Dart                     Conjuration                  1
   b - Blink                          Translocation                2
   c - Call Imp                       Summoning                    2
   d - Repel Missiles                 Charms/Air                   2
   e - Slow                           Hexes                        2
   f - Conjure Flame                  Conjuration/Fire             3
   g - Mephitic Cloud                 Conjuration/Poison/Air       3
Comestibles
 d - 2 bread rations
 h - a meat ration


   Skills:
 + Level 2.8 Dodging
 + Level 2.8 Stealth
 + Level 4.8 Spellcasting
 * Level 2.1 Conjurations
 + Level 1.4 Summonings
 - Level 1.1 Translocations
 + Level 0.0 Poison Magic


You had one spell level left.
You knew the following spells:

 Your Spells              Type           Power        Failure   Level  Hunger
a - Magic Dart            Conj           ###.         4%          1    None
b - Call Imp              Summ           ##......     10%         2    None
c - Blink                 Tloc           N/A          12%         2    None
d - Repel Missiles        Chrm/Air       #.....       17%         2    None
e - Mephitic Cloud        Conj/Pois/Air  #.......     24%         3    ##.....


Dungeon Overview and Level Annotations

Branches:
Dungeon (2/15)

Altars:

Annotations:
D:2 Ijyb


Message History

Casting: Magic Dart
Confirm with . or Enter, or press ? or * to list all spells.
You can't see any susceptible monsters within range! (Use Z to cast anyway.) Unknown command.
Ijyb screams, "Me deserve better than this!"
Ijyb barely misses you.
You hit Ijyb.
Ijyb is lightly wounded.
Ijyb seems less confused.
You barely miss Ijyb.
Ijyb is lightly wounded.
Ijyb hits you with an enchanted club!
You closely miss Ijyb.
Ijyb is lightly wounded.
Ijyb barely misses you.
You hit Ijyb but do no damage.
Ijyb is lightly wounded.
Ijyb hits you with an enchanted club!
Ouch! That really hurt!
You die...

#######
#####.g...#
.......@..#
.####.##..######
#.##....)... ..
#.##.##.####
#.####.##....†...
##..........[.#...
................##
##.####<#####.###
# #...# .#


You could see Ijyb.

Vanquished Creatures
  An ooze (D:1)
  A giant gecko (D:1)
  2 bats (D:1)
  2 giant cockroaches (D:1)
  3 goblins (D:1)
  4 hobgoblins (D:1)
  5 kobolds (D:1)
  A quokka (D:2)
  A giant newt (D:1)
  4 rats
24 creatures vanquished.

Notes
Turn   | Place    | Note
--------------------------------------------------------------
     0 | D:1      | Mefis the Deep Elf Wizard began the quest for the Orb.
     0 | D:1      | Reached XP level 1. HP: 10/10 MP: 7/7
   395 | D:1      | Reached XP level 2. HP: 15/15 MP: 5/9
   546 | D:1      | Learned a level 2 spell: Call Imp
   549 | D:1      | Learned a level 2 spell: Blink
   552 | D:1      | Learned a level 2 spell: Repel Missiles
  1235 | D:1      | Reached XP level 3. HP: 19/19 MP: 2/11
  1240 | D:1      | Learned a level 3 spell: Mephitic Cloud
  1656 | D:2      | Noticed Ijyb
  1669 | D:2      | Slain by Ijyb

Skill      XL: |  1  2  3 |
---------------+----------+-----
Conjurations   | 2 |  2.1
Dodging        | |  2.8
Stealth        | |  2.8
Spellcasting   | |  4.8
Summonings     | |  1.4
Translocations | |  1.1

Action                   || total
-------------------------++-------
Melee: Dagger            ||     6
 Cast: Magic Dart        ||    67
       Mephitic Cloud    ||     1
  Eat: Chunk             ||     2
Armor: Robe              ||     2
Dodge: Dodged            ||    16
